 Dungeon Crawl Stone Soup version 0.26.1-11-gd32895ea62 (webtiles) character file.

Game seed: 11191825644236891456

98 Zeld the Chucker (level 4, 0/31 HPs)
             Began as an Octopode Monk on May 18, 2021.
             Slain by a goblin
             ... wielding a +0 club
             ... led by Robin
              (3 damage)
             ... on level 2 of the Dungeon.
             The game lasted 00:02:21 (2522 turns).

Zeld the Chucker (Octopode Monk)                    Turns: 2522, Time: 00:02:22

Health: 0/31       AC:  1    Str: 10    XL:     4   Next: 69%
Magic:  4/4        EV: 14    Int: 12    God:
Gold:   48         SH:  0    Dex: 15    Spells: 3/3 levels left

rFire    . . .     SeeInvis .     - Unarmed
rCold    . . .     Faith    .   (no shield)
rNeg     . . .     Spirit   .   (helmet restricted)
rPois    .         Reflect  .   (no amulet)
rElec    .         Harm     .   (no ring)
rCorr    .         Rampage  .   (no ring)
Will     .....                  (no ring)
Stlth    +++.......             (no ring)
HPRegen  0.10/turn              (no ring)
MPRegen  0.09/turn              (no ring)
                                (no ring)
                                (no ring)

@: no status effects
A: almost no armour, stealthy swim, amphibious, 8 rings, constrict 8, camouflage
1, gelatinous body 1
a: no special abilities


You were on level 2 of the Dungeon.
You visited 1 branch of the dungeon, and saw 2 of its levels.

You collected 48 gold pieces.

Inventory:

Missiles
 b - 9 poisoned darts (quivered)
Jewellery
 f - an uncursed ring of poison resistance {unknown}
 g - an uncursed amulet of regeneration {unknown}
 h - an uncursed ring of see invisible {unknown}
Potions
 a - a potion of haste {unknown}
 c - a potion of flight {unknown}
 d - a potion of might {unknown}
 e - a potion of ambrosia {unknown}
 i - a potion of invisibility {unknown}


   Skills:
 - Level 3.3 Fighting
 * Level 3.6 Throwing
 - Level 3.3 Dodging
 - Level 2.6 Stealth
 - Level 3.0 Unarmed Combat


You had 3 spell levels left.
You didn't know any spells.
Your spell library was empty.

Dungeon Overview and Level Annotations

Branches:
Dungeon (2/15)

Altars:
Okawaru
Uskayaw


Innate Abilities, Weirdness & Mutations

You cannot wear most types of armour.
You are very stealthy in the water. (Stealth+)
You are amphibious.
You can wear up to eight rings at the same time.
You can use your tentacles to constrict eight enemies at once.
Your skin changes colour to match your surroundings (Stealth+).
Your rubbery body absorbs attacks. (AC +1, EV +1)


Message History

The hobgoblin is severely wounded.
You constrict the hobgoblin. The hobgoblin hits you.
* * * LOW HITPOINT WARNING * * *
You tentacle-slap the hobgoblin but do no damage.
The hobgoblin is almost dead.
You constrict the hobgoblin, but do no damage.
You barely miss the hobgoblin.
The hobgoblin is almost dead.
You constrict the hobgoblin.
You kill the hobgoblin!
You barely miss the hobgoblin. Your grab misses the hobgoblin.
The hobgoblin is severely wounded.
The hobgoblin hits you.
* * * LOW HITPOINT WARNING * * *
You barely miss the hobgoblin. You grab the hobgoblin.
You tentacle-slap the hobgoblin.
You kill the hobgoblin!
You closely miss the goblin. You grab the goblin. You constrict the goblin.
The goblin hits you with a +0 club.
You die...

###### #....... #....##
#....... #.
#..######.......
#######.##...............
#............#####.......
#.#...♣...#..# #.......
###....♣.♣....## #...<...
......♣.♣.♣...# #.......
g.g..♣.♣?♣@♣..######.<.....
..g.♣.♣._g♣.♣......#.....##
....g♣.♣)♣.♣..........#.##
......♣)♣.♣........##....#
......)♣.♣.........####.##
....#...♣...#......# .#
...................# #
...^..###>.........#
..................## #..


You could see a goblin.

Vanquished Creatures
  Robin (D:2)
  4 gnolls (D:2)
  A worm (D:2)
  2 dart slugs
  2 ball pythons (D:1)
  4 bats
  A giant cockroach (D:2)
  13 goblins
  5 hobgoblins
  A kobold (D:2)
  A quokka (D:2)
  A frilled lizard (D:1)
  4 rats
40 creatures vanquished.

Vanquished Creatures (others)
  A fungus (D:2)
1 creature vanquished.

Grand Total: 41 creatures vanquished

Notes
Turn   | Place    | Note
-------+----------+-------------------------------------------
     0 | D:1      | Zeld the Octopode Monk began the quest for the Orb.
     0 | D:1      | Reached XP level 1. HP: 16/16 MP: 1/1
    82 | D:1      | Reached XP level 2. HP: 13/21 MP: 2/2
   556 | D:1      | Reached skill level 1 in Throwing
  1201 | D:2      | Reached XP level 3. HP: 26/26 MP: 3/3
  1204 | D:2      | Found a hide-covered altar of Uskayaw.
  2205 | D:2      | Found an iron altar of Okawaru.
  2238 | D:2      | Noticed Robin
  2254 | D:2      | Reached XP level 4. HP: 28/31 MP: 4/4
  2495 | D:2      | Killed Robin
  2522 | D:2      | Slain by a goblin

Illustrated notes

Levels and vault maps discovered:
D:1:      saegor_arrival_simple_e, layout_basic
D:2:      layout_rooms, old_standard_altar, eat_drink_and_be_merry_uskayaw,
          chequers_ecumenical_altar_simple_redux, okawaru_trees_2, uniq_natasha,
          uniq_crazy_yiuf_cottage, uniq_robin

Skill      XL: |  1  2  3  4 |
---------------+-------------+-----
Throwing       | 1 2 3 |  3.6
Fighting       | |  3.3
Dodging        | |  3.3
Stealth        | |  2.6
Unarmed Combat | |  3.0

Action                   |  1- 3 |  4- 6 || total
-------------------------+-------+-------++-------
Melee: Unarmed           |    69 |    29 ||    98
       Constrict         |    23 |     9 ||    32
       Tentacles         |    10 |     4 ||    14
       Punch             |     2 |     1 ||     3
 Stab: Sleeping          |     5 |       ||     5
Armor: Skin              |     4 |     1 ||     5
Dodge: Dodged            |    47 |    22 ||    69
